 Dungeon Crawl Stone Soup version 0.29-a0-322-g68df515428 (webtiles) character file.

Game seed: 14937187688430027599

639 kae the Firebug (level 7, -1/40 HPs)
             Began as a Tengu Fire Elementalist on Apr 5, 2022.
             Slain by an orc warrior
             ... wielding a +0 flail
              (3 damage)
             ... on level 5 of the Dungeon.
             The game lasted 00:03:36 (5827 turns).

kae the Firebug (Tengu Fire Elementalist)           Turns: 5827, Time: 00:03:37

Health: -1/40      AC:  3    Str:  8    XL:     7   Next: 50%
Magic:  10/13      EV: 16    Int: 17    God:
Gold:   136        SH:  0    Dex: 15    Spells: 6/12 levels left

rFire   + . .      SeeInvis .   (no weapon)
rCold   x . .      Faith    .   (no shield)
rNeg    . . .      Spirit   .   a - +1 robe
rPois   .          Reflect  .   (helmet restricted)
rElec   .          Harm     .   (no cloak)
rCorr   .          Rampage  .   (no gloves)
Will    .....                   (boots unavailable)
Stlth   ++........              (no amulet)
HPRegen 0.13/turn               o - ring of fire
MPRegen 0.13/turn               (no ring)

@: mighty, attractive, flying quickly and evasively, quick
A: beak, talons 3, nimble flight
a: no special abilities


You were on level 5 of the Dungeon.
You visited 1 branch of the dungeon, and saw 5 of its levels.

You collected 136 gold pieces.

Inventory:

Hand Weapons
 f - a +0 vampiric spear
 h - a +2 dagger of freezing
Armour
 a - a +1 robe (worn)
Jewellery
 o - a ring of fire (left hand)
Wands
 d - a wand of flame (21)
Scrolls
 i - 2 scrolls of teleportation
 j - 2 scrolls of enchant armour
Potions
 b - a potion of magic
 c - 2 potions of mutation {unknown}
 e - 2 potions of haste
 k - a potion of heal wounds {unknown}
 m - a potion of attraction
 n - a potion of resistance {unknown}


   Skills:
 + Level 2.5 Fighting
 + Level 3.1 Armour
 + Level 3.7 Dodging
 - Level 2.0 Stealth
 + Level 3.3 Spellcasting
 + Level 4.0 Conjurations
 * Level 5.6 Fire Magic


You had 6 spell levels left.
You knew the following spells:

 Your Spells              Type           Power      Damage    Failure   Level
a - Foxfire               Conj/Fire      100%       2x1d9     2%          1
b - Scorch                Fire           66%        2d8       2%          2
c - Conjure Flame         Conj/Fire      29%        6-21      7%          3

Your spell library contained the following spells:

 Spells                   Type           Power      Damage    Failure   Level
 Magic Dart               Conj           64%        1d6       3%          1
 Searing Ray              Conj           32%        2d5       4%          2
 Inner Flame              Hex/Fire       18%        N/A       16%         3
 Flame Wave               Conj/Fire      29%        2d8       22%         4
 Fulminant Prism          Conj/Hex       4%         3d6       58%         4


Dungeon Overview and Level Annotations

Branches:
Dungeon (5/15)
 Temple: D:4-7

Altars:
Ashenzari
Dithmenos
Kikubaaqudgha
Sif Muna
Trog
Xom

Annotations:
D:3 exclusion: bat, Grinder, Terence


Innate Abilities, Weirdness & Mutations

You have a beak for a mouth.
You have claws for feet.
Your magical nature lets you fly swiftly and evasively.


Message History

Something hits you.
You completely miss the orc warrior.
The orc warrior is lightly wounded.
The orc hits you but does no damage. Something hits you but does no damage.
The orc warrior hits you but does no damage.
You hit the orc warrior. You freeze the orc warrior.
The orc warrior is moderately wounded.
The orc hits you but does no damage. Something hits you but does no damage.
The orc warrior barely misses you.
You barely miss the orc warrior.
The orc warrior is moderately wounded.
The orc warrior hits you with a +0 flail.
The orc hits you but does no damage.
You hear some strange, mumbled words.
A magic dart appears from out of thin air!
The magic dart hits you but does no damage.
You closely miss the orc warrior.
The orc warrior is moderately wounded.
The orc hits you but does no damage. Something hits you but does no damage.
The orc warrior hits you with a +0 flail!
* * * LOW HITPOINT WARNING * * *
Your +2 dagger of freezing stops glowing.
You are now empty-handed.
You smack the orc warrior!
The orc warrior is heavily wounded.
The orc warrior hits you with a +0 flail.
* * * LOW HITPOINT WARNING * * *
The orc hits you but does no damage. Something hits you but does no damage.
You hit the orc warrior but do no damage.
The orc warrior is heavily wounded.
The orc hits you from afar with a +0 trident.
* * * LOW HITPOINT WARNING * * *
Something hits you but does no damage.
The orc warrior hits you but does no damage.
It was a potion of attraction.
You feel attractive to monsters.
You feel less wooden.
Your +1 robe unmelds from your body.
The orc hits you but does no damage. Something hits you but does no damage.
The orc warrior hits you with a +0 flail.
You die...

.....+............,,* *≈*≈≈∩≈*≈*
.....#...........#+****≈*≈≈≈≈*≈*
.....#...........#,,,**≈**≈≈**≈**
.....'...........#,,,*≈≈≈*≈≈*≈≈≈*
.....#...........#,,,*≈≈≈*≈≈≈≈≈≈*
.....#...........#,,,**≈******≈**
+#####...........#,,,**,*,,,,***
................)#####..,,,,,,,*
................@{w.....****+***
...........######o......*,,,,,*
...........# *o...)..*,,,,,*
...........# *.......*,,,,,*
####+#.....# *.......*,,>,,*
#....#.....# *.......*,,,,,*
'....#.....# *.......*,,,,,*
#....#.....# *.......*,,,,,*
##...#.....#*****,,,,,,,*,,,,,*


You could see an orc warrior, a worm and an orc.

Vanquished Creatures
  3 phantoms
  A scorpion (D:4)
  A hound (D:4)
  An orc priest (D:5)
  Jessica (D:2)
  2 iguanas (D:5)
  2 orc wizards
  Robin (D:3)
  3 adders
  3 adder skeletons (D:3)
  An adder zombie (D:3)
  2 worms (D:2)
  4 dart slugs (D:2)
  9 orcs
  8 ball pythons
  7 bats
  7 endoplasms
  10 hobgoblins
  6 jackals
  5 kobolds
  2 quokkas (D:1)
  A ball python zombie (D:3)
  4 frilled lizards
  18 goblins
  5 rats (D:2)
107 creatures vanquished.

Vanquished Creatures (collateral kills)
  2 foxfires (D:3)
2 creatures vanquished.

Vanquished Creatures (others)
  232 foxfires
  A withered plant (D:3)
233 creatures vanquished.

Grand Total: 342 creatures vanquished

Notes
Turn   | Place    | Note
-------+----------+-------------------------------------------
     0 | D:1      | kae the Tengu Fire Elementalist began the quest for the
                  | Orb.
     0 | D:1      | Reached XP level 1. HP: 10/10 MP: 4/4
   158 | D:1      | Found a faded altar of an unknown god.
   322 | D:1      | Reached XP level 2. HP: 3/15 MP: 4/6
  1015 | D:1      | Reached XP level 3. HP: 17/20 MP: 4/7
  1465 | D:2      | Reached skill level 1 in Armour
  2209 | D:2      | Reached XP level 4. HP: 21/24 MP: 2/8
  2214 | D:2      | Learned a level 2 spell: Scorch
  2218 | D:2      | Learned a level 3 spell: Conjure Flame
  2333 | D:2      | Reached skill level 4 in Fire Magic
  2577 | D:2      | Noticed Jessica
  2589 | D:2      | Killed Jessica
  2590 | D:2      | Reached skill level 1 in Fighting
  3012 | D:3      | Noticed Terence
  3089 | D:3      | Gained mutation: Your magical nature lets you fly swiftly
                  | and evasively. [Tengu growth]
  3089 | D:3      | Reached XP level 5. HP: 21/29 MP: 2/9
  3556 | D:3      | Noticed Grinder
  3792 | D:3      | Noticed Robin
  3807 | D:3      | Killed Robin
  4001 | D:3      | Found a broken altar of Ashenzari.
  4328 | D:4      | Found a shadowy altar of Dithmenos.
  4329 | D:4      | Found an ancient bone altar of Kikubaaqudgha.
  4330 | D:4      | Found a shimmering blue altar of Sif Muna.
  4330 | D:4      | Found a shimmering altar of Xom.
  4534 | D:4      | Reached XP level 6. HP: 20/34 MP: 6/11
  4970 | D:4      | Reached skill level 5 in Fire Magic
  5291 | D:4      | Found a bloodstained altar of Trog.
  5441 | D:5      | Entered Level 5 of the Dungeon
  5557 | D:5      | Reached XP level 7. HP: 40/40 MP: 6/12
  5826 | D:5      | HP: 2/60 [orc/+0 trident (5)]
  5827 | D:5      | Slain by an orc warrior

Illustrated notes

Levels and vault maps discovered:
D:1:      dpeg_arrival_tiny_a, layout_basic, chequers_ecumenical_altar_grove,
          minmay_domino_2
D:2:      minmay_recursive_quarters, layout_loops_corners, uniq_jessica
D:3:      layout_rooms, mainiacjoe_overflow_chevrons, serial_undead,
          serial_undead_b, serial_undead_a, serial_undead_a, serial_undead_c,
          serial_undead_b, serial_undead_e, uniq_terence, uniq_robin,
          uniq_grinder
D:4:      layout_loops_cross, mainiacjoe_overflow_alcove_4,
          chequers_temple_overflow_statue_of_worship,
          ebering_dispersal_statue_hall, dk_noncrumbling_3
D:5:      layout_gridville, gup_sewer_entry_bubbles, minmay_statues_item

Skill      XL: |  1  2  3  4  5  6  7 |
---------------+----------------------+-----
Conjurations   | 2 3 4 |  4.0
Armour         | 1 2 3 |  3.1
Fire Magic     | 4 5 |  5.6
Fighting       | 1 2 |  2.5
Dodging        | 3 |  3.7
Spellcasting   | 3 |  3.3
Stealth        | |  2.0

Action                   |  1- 3 |  4- 6 |  7- 9 || total
-------------------------+-------+-------+-------++-------
Melee: Spear             |    28 |       |       ||    28
       Kick              |    14 |    15 |       ||    29
       Peck              |     5 |     7 |       ||    12
       Dagger            |    22 |    53 |     6 ||    81
       Unarmed           |       |       |     2 ||     2
 Cast: Foxfire           |    53 |    81 |    10 ||   144
       Scorch            |       |    15 |     3 ||    18
  Use: Scroll            |     3 |     7 |     2 ||    12
       Potion            |       |     1 |     3 ||     4
 Stab: Distracted        |     1 |       |       ||     1
       Sleeping          |       |     1 |       ||     1
Armor: Robe              |    10 |    22 |     2 ||    34
       Skin              |       |       |    27 ||    27
Dodge: Dodged            |    29 |    50 |     2 ||    81

Table legend: (Time is in decaauts)
 A = Elapsed time spent in this place.
 B = Non-inter-level travel time spent in this place.
 C = Inter-level travel time spent in this place.
 D = Time resting spent in this place.
 E = Time spent auto-exploring this place.
 F = Levels seen in this place.
 G = Mean time per level.
                   A        B        C        D        E       F      G
               +--------+--------+--------+--------+--------+-----+--------+
         Total |   5708 |   5529 |    179 |    682 |   4094 |   5 | 1141.6 |
       Dungeon |   5708 |   5529 |    179 |    682 |   4094 |   5 | 1141.6 |
               +--------+--------+--------+--------+--------+-----+--------+

Top non-repeatable levels by time:
     D:2: 1551 daAuts
     D:1: 1418 daAuts
     D:3: 1263 daAuts
     D:4: 1108 daAuts
     D:5: 367 daAuts
